[Event "Titled Tuesday Blitz May 2 Late 2023"]
[White "Gatterer, Florian"]
[Black "Broca Jimenez, Fernando"]
[WhiteFideId "811688"]
[BlackFideId "5104742"]
[WhiteElo "2221"]
[BlackElo "2062"]
[Result "1/2-1/2"]
[Round "09"]
[TimeControl "180+2"]
[Date "2023.05.02"]
[WhiteClock "0:00:16"]
[BlackClock "0:00:18"]

1. e4 c5 2. Nf3 g6 3. c4 Nc6 4. d4 cxd4 5. Nxd4 Nf6 6. Nc3 d6 7. f3 Nxd4 8. Qxd4 Bg7 9. Be3 O-O 10. Qd2 Be6 11. Rc1 Qa5 12. b3 Rfc8 13. Nd5 Qxd2+ 14. Kxd2 Nxd5 15. cxd5 Bd7 16. Bd3 a6 17. a4 Rxc1 18. Rxc1 Rc8 19. Rxc8+ Bxc8 20. b4 e6 21. b5 axb5 22. Bxb5 Kf8 23. Bg5 f6 24. Be3 Ke7 25. f4 Bd7 26. Kd3 exd5 27. exd5 f5 28. Kc4 Kd8 29. Bxd7 Kxd7 30. Kb5 Kc7 31. Bb6+ Kc8 32. a5 Bc3 33. a6 bxa6+ 34. Kxa6 Bd2 35. g3 h5 36. Kb5 Kd7 37. Bf2 Bc3 38. Kc4 Ba5 39. Kb5 Bd2 40. Kc4 Ke7 41. Kb5 Kd7 42. Kc4 Bc1 43. Kb5 Ba3 44. Kc4 Kc7 45. Kb5 Bb2 46. Bb6+ Kd7 47. Bf2 Bc1 48. Kc4 1/2-1/2


[Site "https://www.chess.com"]

[Event "Titled Tuesday Blitz May 2 Late 2023"]
[White "Rodriguez Santiago, Jaime"]
[Black "Ricaurte Lopez, Juan Carlos"]
[WhiteFideId "3100898"]
[BlackFideId "3600327"]
[WhiteElo "2025"]
[BlackElo "2200"]
[Result "0-1"]
[Round "09"]
[TimeControl "180+2"]
[Date "2023.05.02"]
[WhiteClock "0:00:06"]
[BlackClock "0:00:15"]

1. c4 e5 2. Nc3 Nf6 3. g3 c6 4. Nf3 e4 5. Nd4 d5 6. cxd5 cxd5 7. Bg2 Bc5 8. Nb3 Bb6 9. O-O O-O 10. d3 Bf5 11. dxe4 dxe4 12. Bg5 Nc6 13. Qxd8 Raxd8 14. Bxf6 gxf6 15. Nxe4 Kg7 16. Rfd1 Rfe8 17. Nc3 Nb4 18. e4 Bg4 19. Rxd8 Rxd8 20. h3 Be6 21. Kf1 Nxa2 22. Nd5 Bxd5 23. exd5 Nb4 24. Rd1 a5 25. d6 Rd7 26. Be4 a4 27. Nc1 Bc5 28. Ne2 b6 29. Nf4 Rxd6 30. Ra1 b5 31. Nh5+ Kf8 32. Kg2 Rd2 33. Kf3 Rxf2+ 34. Kg4 Rxb2 35. Rc1 Bf2 36. Rc7 Rb3 37. Bxh7 a3 38. Kf5 a2 39. Ra7 Bxa7 40. Nxf6 a1=Q 41. Nd7+ Ke7 42. Nf6 0-1


[Site "https://www.chess.com"]

[Event "Titled Tuesday Blitz May 2 Late 2023"]
[White "Panico, Nick"]
[Black "Martic, Ivan"]
[WhiteFideId "2026724"]
[BlackFideId "929301"]
[WhiteElo "1982"]
[BlackElo "2360"]
[Result "0-1"]
[Round "09"]
[TimeControl "180+2"]
[Date "2023.05.02"]
[WhiteClock "0:00:31"]
[BlackClock "0:00:17"]

1. d4 d5 2. Bf4 Nf6 3. e3 c5 4. c3 Nc6 5. Nd2 cxd4 6. exd4 Bg4 7. Qb3 Qc8 8. h3 Bh5 9. Ngf3 e6 10. Bb5 Bxf3 11. Nxf3 Be7 12. Qa4 Nd7 13. Ne5 Ndxe5 14. Bxe5 O-O 15. Bxc6 bxc6 16. O-O c5 17. dxc5 Bxc5 18. Bd4 Rb8 19. Rab1 Qc7 20. Rfc1 Rfc8 21. Bxc5 Qxc5 22. Qd7 Rc7 23. Qa4 h5 24. Qf4 Rcb7 25. Rc2 a5 26. Re2 Qc4 27. Qxc4 dxc4 28. a3 g6 29. Kf1 Rd8 30. Ke1 Kg7 31. Re4 Rc7 32. Rd1 Rxd1+ 33. Kxd1 Rc5 34. Kc2 a4 35. Kd2 e5 36. f4 exf4 37. Rxf4 g5 38. Re4 h4 39. Ke3 Rb5 40. Rxc4 Rxb2 41. Rg4 Kg6 42. Rxa4 Rxg2 43. c4 Rg3+ 44. Ke4 Rxh3 45. c5 Rc3 46. Kd4 Rc1 47. Rc4 Rxc4+ 48. Kxc4 h3 49. c6 h2 50. c7 h1=Q 51. c8=Q Qc1+ 52. Kb5 Qxc8 0-1


[Site "https://www.chess.com"]

[Event "Titled Tuesday Blitz May 2 Late 2023"]
[White "Grinev, Valeriy"]
[Black "Lopez Perdomo, Juan David"]
[WhiteFideId "14117517"]
[BlackFideId "4405137"]
[WhiteElo "2366"]
[BlackElo "1965"]
[Result "1-0"]
[Round "09"]
[TimeControl "180+2"]
[Date "2023.05.02"]
[WhiteClock "0:01:37"]
[BlackClock "0:01:10"]

1. e4 e6 2. Nc3 d5 3. d4 Nf6 4. e5 Nfd7 5. Nf3 c5 6. Ne2 Nc6 7. c3 f5 8. h4 Be7 9. Bg5 O-O 10. Qd2 cxd4 11. Bxe7 Qxe7 12. cxd4 b6 13. a3 Ba6 14. Nf4 Bxf1 15. Kxf1 Na5 16. Rd1 Rac8 17. g3 Nc4 18. Qe2 b5 19. Kg2 h6 20. Ng6 Qf7 21. Nxf8 Rxf8 22. b3 Nxa3 23. Ra1 b4 24. Rhc1 f4 25. g4 Qg6 26. Kh3 h5 27. Rg1 Rf7 28. Ng5 hxg4+ 29. Qxg4 Rf5 30. Nxe6 Qxg4+ 31. Rxg4 Rf7 32. Nxf4 Nc2 33. Rxa7 Nxd4 34. e6 Rxf4 35. Rxf4 Nxe6 36. Rxb4 Nf6 37. Rb8+ Kh7 38. Rb6 Nf4+ 39. Kg3 Nd3 40. Rxf6 1-0


[Site "https://www.chess.com"]

[Event "Titled Tuesday Blitz May 2 Late 2023"]
[White "Torres Dominguez, David"]
[Black "Rose, Felix"]
[WhiteFideId "2220857"]
[BlackFideId "5105722"]
[WhiteElo "1999"]
[BlackElo "2039"]
[Result "0-1"]
[Round "09"]
[TimeControl "180+2"]
[Date "2023.05.02"]
[WhiteClock "0:00:01"]
[BlackClock "0:00:12"]

1. e4 e5 2. Bc4 Nf6 3. Nc3 Nxe4 4. Qh5 Nd6 5. Qxe5+ Qe7 6. Qxe7+ Bxe7 7. Be2 O-O 8. Nf3 Nf5 9. g4 Nh4 10. d4 Nxf3+ 11. Bxf3 c6 12. Bf4 d5 13. O-O-O Nd7 14. h4 Nf6 15. Rdg1 Bd7 16. g5 Ne8 17. h5 Bd6 18. Be3 Bf5 19. Ne2 Nc7 20. Ng3 Bd7 21. Be2 Rae8 22. Bd3 g6 23. Rh4 f5 24. gxf6 Rxf6 25. hxg6 hxg6 26. Rgh1 Rxe3 27. Rh8+ Kf7 28. R1h7+ Ke6 29. fxe3 Bxg3 30. Be2 Kd6 31. Rd8 c5 32. Rdxd7+ Kc6 33. Rxc7+ Bxc7 34. dxc5 Bg3 35. Kd2 Re6 36. Rg7 Bf2 37. Bd3 Bxe3+ 38. Kd1 g5 39. Rg6 Rxg6 40. Bxg6 Kxc5 41. b3 Kd4 42. a4 a5 43. Ke2 Bf4 44. Kf3 Kc3 45. Bd3 b6 46. Kg4 Kd2 47. Bg6 Ke3 48. Bh7 Kd4 49. Bg6 Kc5 50. Bd3 Kb4 51. Bf5 b5 52. Bh7 bxa4 53. bxa4 Kxa4 54. Bg8 Kb4 55. Bxd5 a4 56. Kf3 Kc3 0-1


[Site "https://www.chess.com"]

[Event "Titled Tuesday Blitz May 2 Late 2023"]
[White "Smith, Shreyas"]
[Black "Cooklev, Steven"]
[WhiteFideId "7400713"]
[BlackFideId "2050552"]
[WhiteElo "2151"]
[BlackElo "2039"]
[Result "0-1"]
[Round "09"]
[TimeControl "180+2"]
[Date "2023.05.02"]
[WhiteClock "0:00:02"]
[BlackClock "0:00:05"]

1. e4 c5 2. Nf3 Nc6 3. Bb5 Nf6 4. e5 Ng4 5. Bxc6 dxc6 6. O-O g6 7. d3 Bg7 8. Qe2 O-O 9. Nc3 f6 10. h3 Nxe5 11. Nxe5 fxe5 12. Ne4 b6 13. a4 Bf5 14. a5 h6 15. Bd2 c4 16. axb6 cxd3 17. cxd3 axb6 18. Bc3 Qd5 19. Qe3 c5 20. Rfe1 Rxa1 21. Rxa1 c4 22. Ng3 Bxd3 23. Qxb6 h5 24. Ra5 Qf7 25. Bxe5 h4 26. Nh1 Bxe5 27. Rxe5 Qf4 28. Qc5 Qc1+ 29. Kh2 Qxb2 30. Qxe7 Qc1 31. Re1 Qf4+ 32. Kg1 c3 33. Qe6+ Qf7 34. Qd6 Bf5 35. Re7 Qf6 36. Qd5+ Kh8 37. Qb7 g5 38. Rc7 c2 39. Qc6 Qe5 40. Qc3 Qxc3 41. Rxc3 Re8 42. Kh2 Re1 43. g4 c1=Q 44. Rxc1 Rxc1 45. gxf5 Kg7 46. f3 Kf6 47. Nf2 Rc2 48. Kg2 Kxf5 49. Kf1 Kf4 0-1


[Site "https://www.chess.com"]

[Event "Titled Tuesday Blitz May 2 Late 2023"]
[White "Roman, Rodrigo"]
[Black "Adel, Sara"]
[WhiteFideId "3701220"]
[BlackFideId "10616764"]
[WhiteElo "1995"]
[BlackElo "1982"]
[Result "1/2-1/2"]
[Round "09"]
[TimeControl "180+2"]
[Date "2023.05.02"]
[WhiteClock "0:01:11"]
[BlackClock "0:00:04"]

1. Nf3 Nf6 2. d4 g6 3. c4 Bg7 4. Nc3 O-O 5. g3 d6 6. Bg2 Nbd7 7. O-O e5 8. e4 Nh5 9. d5 f5 10. exf5 gxf5 11. Ng5 Ndf6 12. Bf3 Qe8 13. Ne6 Bxe6 14. dxe6 e4 15. Bxh5 Nxh5 16. Nd5 c6 17. e7 Rf7 18. Nc7 Qxe7 19. Nxa8 Nf6 20. Bf4 Ng4 21. Qxd6 Qe8 22. Nc7 Qc8 23. Ne6 Rd7 24. Qa3 Bf6 25. h3 Be7 26. Qc3 Nf6 27. Be5 Nh5 28. g4 fxg4 29. hxg4 Rd3 30. Qe1 Qxe6 31. Qxe4 Nf6 32. Qxd3 Qxe5 33. Rae1 Qc7 34. Qe2 Bc5 35. Qe6+ Kg7 36. Re5 Nd7 37. Rg5+ Kh8 38. Rd1 Qg3+ 39. Kh1 Qh3+ 40. Kg1 Qg3+ 41. Kh1 Qf3+ 42. Kh2 Qxf2+ 43. Kh3 Qf3+ 44. Kh2 Qf2+ 45. Kh1 Qf3+ 46. Kh2 Qf2+ 1/2-1/2


[Site "https://www.chess.com"]

[Event "Titled Tuesday Blitz May 2 Late 2023"]
[White "Golubev, Mikhail"]
[Black "Fajdetic, Hrvoje"]
[WhiteFideId "14100983"]
[BlackFideId "14501945"]
[WhiteElo "2374"]
[BlackElo "2185"]
[Result "0-1"]
[Round "09"]
[TimeControl "180+2"]
[Date "2023.05.02"]
[WhiteClock "0:00:01"]
[BlackClock "0:00:14"]

1. Na3 d5 2. c3 Bf5 3. d3 c6 4. Nc2 h6 5. g3 Nf6 6. Bg2 g5 7. h4 g4 8. Bf4 h5 9. Qd2 Nbd7 10. O-O-O e5 11. Bg5 Qa5 12. Bxf6 Nxf6 13. Kb1 Bh6 14. Qe1 O-O-O 15. e3 Nd7 16. Ne2 Nc5 17. Nc1 Bg6 18. Ka1 Qa6 19. Nb4 Qb5 20. d4 exd4 21. cxd4 Ne4 22. Bf1 Qa4 23. Nbd3 f6 24. Nb3 Bf8 25. Rc1 Bb4 26. Qe2 Kb8 27. Nxb4 Qxb4 28. Rh2 Nd6 29. Qe1 Qxe1 30. Rxe1 Ne4 31. Bd3 Rhe8 32. Bb1 Bf5 33. Nc1 b6 34. Nd3 Bg6 35. Nf4 Bf7 36. Bxe4 Rxe4 37. Rc1 Kb7 38. Rhh1 Rd7 39. Rc3 Rd6 40. Rhc1 Re7 41. b4 a6 42. a3 Rc7 43. Kb2 Rcd7 44. a4 Re7 45. a5 b5 46. Nd3 Be8 47. Nc5+ Ka7 48. f3 gxf3 49. Rf1 Rd8 50. Rxf3 Rf7 51. Rc2 f5 52. Rcf2 Bd7 53. Nxd7 Rdxd7 54. Rxf5 Rxf5 55. Rxf5 Re7 56. Re5 Rg7 0-1


[Site "https://www.chess.com"]

[Event "Titled Tuesday Blitz May 2 Late 2023"]
[White "Wang, Alexander J"]
[Black "Debray, Christopher"]
[WhiteFideId "30955270"]
[BlackFideId "630810"]
[WhiteElo "1815"]
[BlackElo "2340"]
[Result "0-1"]
[Round "09"]
[TimeControl "180+2"]
[Date "2023.05.02"]
[WhiteClock "0:01:13"]
[BlackClock "0:00:38"]

1. e4 c5 2. Nf3 d6 3. d4 cxd4 4. Nxd4 Nf6 5. Nc3 a6 6. g3 e5 7. Nde2 Be7 8. Bg2 O-O 9. O-O Nbd7 10. h3 b5 11. a3 Bb7 12. Be3 Nb6 13. b3 d5 14. exd5 Nbxd5 15. Bd2 Nxc3 16. Nxc3 Bxg2 17. Kxg2 Rc8 18. Ne2 Qd5+ 19. Kh2 Rfd8 20. Be3 Qf3 21. Qe1 Rxc2 22. Ng1 Qh5 23. Rd1 Rdc8 24. Rd2 Ng4+ 25. Kg2 Nxe3+ 26. Qxe3 Rxd2 27. Qxd2 Bxa3 28. Nf3 e4 29. Nd4 Qd5 30. Qe3 Bc5 31. Rd1 Rd8 0-1


[Site "https://www.chess.com"]

[Event "Titled Tuesday Blitz May 2 Late 2023"]
[White "Vifleemskaia, Svetlana"]
[Black "Kapp, Martin"]
[WhiteFideId "4129490"]
[BlackFideId "24651680"]
[WhiteElo "1930"]
[BlackElo "2177"]
[Result "0-1"]
[Round "09"]
[TimeControl "180+2"]
[Date "2023.05.02"]
[WhiteClock "0:00:12"]
[BlackClock "0:00:07"]

1. d4 Nf6 2. c4 e6 3. Nc3 Bb4 4. e3 O-O 5. Ne2 d5 6. a3 Be7 7. cxd5 exd5 8. g3 Bg4 9. Bg2 c6 10. O-O Re8 11. f3 Bh5 12. e4 dxe4 13. fxe4 Bf8 14. Bg5 h6 15. Bxf6 gxf6 16. Qd2 c5 17. d5 Nd7 18. Nf4 Bg6 19. Nxg6 fxg6 20. Bh3 Ne5 21. Rad1 c4 22. Be6+ Kg7 23. Kg2 Qd6 24. Qe2 Rad8 25. Rf4 Nd3 26. Rf3 Qe5 27. Rfxd3 cxd3 28. Rxd3 Bc5 29. Rf3 Bd4 30. Nb5 Bxb2 31. Rb3 Bc1 32. Rc3 Rxe6 33. Rxc1 Qxe4+ 34. Qxe4 Rxe4 35. Rc7+ Kf8 36. Rxb7 Rxd5 37. Nc3 Rd2+ 38. Kf3 Re7 39. Rb8+ Kf7 40. Ne4 Rd3+ 41. Kf4 Rd4 42. Rb4 Rexe4+ 43. Kf3 Rxb4 44. axb4 Rxb4 0-1


[Site "https://www.chess.com"]

[Event "Titled Tuesday Blitz May 2 Late 2023"]
[White "Vargas, Mauricio"]
[Black "Sailer, Mike"]
[WhiteFideId "4404572"]
[BlackFideId "2012901"]
[WhiteElo "1998"]
[BlackElo "2109"]
[Result "0-1"]
[Round "09"]
[TimeControl "180+2"]
[Date "2023.05.02"]
[WhiteClock "0:00:27"]
[BlackClock "0:00:15"]

1. e4 d5 2. e5 c5 3. f4 Nc6 4. Nf3 Bg4 5. Bb5 e6 6. Bxc6+ bxc6 7. O-O Ne7 8. d3 Nf5 9. Nc3 Nd4 10. b3 Be7 11. Na4 O-O 12. c3 Nxf3+ 13. gxf3 Bf5 14. c4 f6 15. exf6 Bxf6 16. Rb1 dxc4 17. bxc4 Bxd3 18. Be3 Bxf1 19. Qxf1 Bd4 20. Qf2 Bxe3 21. Qxe3 Qd4 22. Kf2 Rxf4 23. Nxc5 Qxe3+ 24. Kxe3 Rxc4 25. Nxe6 Re8 26. Kd3 Rh4 27. Ng5 Rxh2 28. a4 h6 29. Ne4 Ra2 30. Rb4 Ra3+ 31. Ke2 h5 32. Rc4 h4 33. Kf2 Ra2+ 34. Ke3 h3 35. Kf4 h2 36. Ng3 Re1 37. Rxc6 Rxa4+ 38. Kg5 h1=Q 39. Nf5 Rg1+ 40. Ng3 Rxg3+ 41. Kf5 Qh5+ 42. Ke6 Qf7+ 43. Kd6 Rg6+ 44. Kc5 Qc4# 0-1


[Site "https://www.chess.com"]

[Event "Titled Tuesday Blitz May 2 Late 2023"]
[White "Sanchez, Robert"]
[Black "Joubert, Dantelle"]
[WhiteFideId "2034360"]
[BlackFideId "14310813"]
[WhiteElo "1966"]
[BlackElo "1507"]
[Result "0-1"]
[Round "09"]
[TimeControl "180+2"]
[Date "2023.05.02"]
[WhiteClock "0:01:18"]
[BlackClock "0:00:11"]

1. e4 d5 2. exd5 Qxd5 3. Nc3 Qd6 4. Nf3 Nf6 5. Be2 c6 6. O-O Bg4 7. d4 e6 8. h3 Bh5 9. Ne5 Bxe2 10. Qxe2 Be7 11. Bf4 Qd8 12. Ne4 O-O 13. Ng5 Nd5 14. Qh5 h6 15. Ngxf7 Qe8 16. Bxh6 Rxf7 17. Bxg7 Kxg7 18. Qg6+ Kf8 19. Qxe6 Rf6 20. Qg4 Bd6 21. c4 Nf4 22. Rfe1 Bxe5 23. Rxe5 Qd8 24. Rae1 Nd7 25. Rf5 Nd3 26. Re3 Nb4 27. Qg6 Rxf5 28. Qxf5+ Nf6 29. Qc5+ Kg7 30. Rg3+ Kh7 31. Qxb4 Qxd4 32. Qe7+ 0-1


[Site "https://www.chess.com"]

[Event "Titled Tuesday Blitz May 2 Late 2023"]
[White "Ismayilova, Khanim"]
[Black "Figorito, Nick"]
[WhiteFideId "13429019"]
[BlackFideId "30923689"]
[WhiteElo "1633"]
[BlackElo "2036"]
[Result "0-1"]
[Round "09"]
[TimeControl "180+2"]
[Date "2023.05.02"]
[WhiteClock "0:00:06"]
[BlackClock "0:00:20"]

1. c4 Nf6 2. Nc3 d5 3. e3 g6 4. d4 Bg7 5. Nf3 O-O 6. Bd3 c5 7. O-O cxd4 8. exd4 Nc6 9. h3 dxc4 10. Bxc4 Bf5 11. Be3 Rc8 12. Bd3 Bxd3 13. Qxd3 Nb4 14. Qd2 Nbd5 15. Nxd5 Qxd5 16. Bh6 Ne4 17. Qe3 Rfd8 18. Bxg7 Kxg7 19. Rfe1 f5 20. Rac1 Rxc1 21. Rxc1 Rd7 22. Qf4 Qxa2 23. Rc7 Qe6 24. Rxd7 Qxd7 25. Qe5+ Kf7 26. Qa5 b6 27. Ne5+ Kg7 28. Qxb6 Qa4 29. Qe6 Qe8 30. Nd7 Qf7 31. Qxf7+ Kxf7 32. Kf1 Nd2+ 33. Ke2 Nc4 34. b3 Nd6 35. Nc5 Ke8 36. Ke3 Kd8 37. d5 Kc7 38. Kd4 Kb6 39. Nd7+ Kb5 40. Ne5 Kb4 41. Nd3+ Kxb3 42. Ne5 a5 43. Nc6 a4 44. Nxe7 a3 45. Ke5 Nc4+ 46. Ke6 a2 47. d6 Nxd6 48. Kxd6 a1=Q 49. Ke6 Qe1+ 50. Kf7 Qxf2 51. Nxg6 hxg6 52. Kxg6 Qxg2+ 53. Kf6 Qxh3 54. Kg6 Qg4+ 55. Kf6 f4 56. Kf7 f3 57. Ke7 f2 58. Ke8 Qe4+ 0-1


[Site "https://www.chess.com"]

[Event "Titled Tuesday Blitz May 2 Late 2023"]
[White "Deac, Bogdan-Daniel"]
[Black "Hakobyan, Aram"]
[WhiteFideId "1226380"]
[BlackFideId "13306677"]
[WhiteElo "2649"]
[BlackElo "2584"]
[Result "1/2-1/2"]
[Round "10"]
[TimeControl "180+2"]
[Date "2023.05.02"]
[WhiteClock "0:00:03"]
[BlackClock "0:00:12"]

1. d4 Nf6 2. c4 e6 3. Nf3 d5 4. g3 c5 5. Bg2 cxd4 6. cxd5 Qxd5 7. Qxd4 Nc6 8. Qxd5 Nxd5 9. O-O Be7 10. e4 Ndb4 11. Nc3 O-O 12. Rd1 e5 13. h3 Nc2 14. Rb1 Be6 15. Nd5 Bc5 16. Bd2 N2d4 17. b4 Bd6 18. Be3 Nxf3+ 19. Bxf3 Rfd8 20. b5 Ne7 21. Nxe7+ Bxe7 22. Rxd8+ Bxd8 23. a4 Bb6 24. g4 Bxe3 25. fxe3 b6 26. a5 Rc8 27. axb6 axb6 28. Ra1 Bd7 29. Ra6 Bxb5 30. Rxb6 Bd7 31. Rb7 Be6 32. Rb5 f6 33. Rb2 h6 34. Kf2 Kh7 35. Rd2 Kg6 36. h4 h5 37. gxh5+ Kh6 38. Rd6 Bf7 39. Rd7 Be6 40. Re7 Rc6 41. Ra7 Rd6 42. Kg3 Rd7 43. Ra8 Kh7 44. Ra6 Re7 45. Rb6 Bc8 46. Rb8 Be6 47. Rb6 Bc8 48. Rb8 Be6 49. Be2 Rc7 50. Rb6 Re7 51. Bf3 1/2-1/2


[Site "https://www.chess.com"]

[Event "Titled Tuesday Blitz May 2 Late 2023"]
[White "Sargsyan, Shant"]
[Black "Firouzja, Alireza"]
[WhiteFideId "13306766"]
[BlackFideId "12573981"]
[WhiteElo "2628"]
[BlackElo "2904"]
[Result "1/2-1/2"]
[Round "10"]
[TimeControl "180+2"]
[Date "2023.05.02"]
[WhiteClock "0:00:13"]
[BlackClock "0:00:06"]

1. Nf3 Nf6 2. c4 e6 3. Nc3 d5 4. d4 dxc4 5. e4 b5 6. Nxb5 Nxe4 7. Bxc4 Nd7 8. O-O a6 9. Nc3 Nxc3 10. bxc3 Be7 11. Bd3 Bb7 12. Rb1 Qc8 13. Re1 O-O 14. c4 Re8 15. Ng5 Nf6 16. Qc2 g6 17. Bf4 c5 18. d5 exd5 19. Qb2 Nh5 20. Qxb7 Qxb7 21. Rxb7 Nxf4 22. Rbxe7 Rxe7 23. Rxe7 Nxd3 24. cxd5 Rd8 25. Nxf7 Rxd5 26. Rc7 Kf8 27. h4 Ke8 28. Ng5 h6 29. Ne6 Re5 30. Ng7+ Kd8 31. Rc6 Kd7 32. Rxa6 c4 33. Ra7+ Kc6 34. Ra6+ Kb5 35. Rd6 Kc5 36. Rd8 Re1+ 37. Kh2 Nxf2 38. Rc8+ Kd4 39. Rd8+ Kc3 40. Kg3 Nd3 41. h5 gxh5 42. Nxh5 Kd2 43. Nf4 Re4 44. Nd5 Rd4 45. Rc8 Rxd5 46. Rxc4 Rg5+ 47. Rg4 Ra5 48. Rh4 h5 49. Rd4 Ke3 50. Rd8 Rg5+ 51. Kh4 Ra5 52. Re8+ Kf4 53. Rf8+ Ke4 54. g4 hxg4 55. Kxg4 Rxa2 56. Re8+ Ne5+ 57. Kg3 Ra3+ 58. Kg2 Kf4 59. Rf8+ Kg5 60. Rg8+ Ng6 61. Kf2 Kf5 62. Rb8 Ne5 63. Rf8+ Ke4 64. Re8 Rf3+ 65. Kg2 Re3 66. Re7 Kf4 67. Re8 Re2+ 68. Kf1 Ra2 69. Rf8+ Ke4 70. Re8 Kf4 71. Rf8+ Kg5 72. Rg8+ Ng6 73. Ke1 Kf5 74. Kd1 Nf4 75. Re8 Nd5 76. Rf8+ Ke4 77. Re8+ Kd3 78. Ke1 Nc3 79. Rd8+ Ke3 80. Re8+ Ne4 81. Kf1 Kf3 82. Rf8+ Ke3 83. Re8 Rb2 84. Kg1 Kf4 85. Rf8+ Kg4 86. Rg8+ Ng5 87. Kf1 Kf3 88. Rf8+ Ke3 89. Re8+ Ne4 90. Kg1 Kf3 91. Rf8+ Kg3 92. Rg8+ Kf3 93. Rf8+ Kg4 94. Rg8+ Kf3 95. Rf8+ 1/2-1/2


[Site "https://www.chess.com"]

[Event "Titled Tuesday Blitz May 2 Late 2023"]
[White "Bortnyk, Mykola"]
[Black "Caruana, Fabiano"]
[WhiteFideId "14120836"]
[BlackFideId "2020009"]
[WhiteElo "2582"]
[BlackElo "2837"]
[Result "0-1"]
[Round "10"]
[TimeControl "180+2"]
[Date "2023.05.02"]
[WhiteClock "0:00:01"]
[BlackClock "0:00:10"]

1. e4 e5 2. Nf3 Nc6 3. Bb5 a6 4. Ba4 Nf6 5. Qe2 b5 6. Bb3 Bc5 7. c3 d6 8. O-O O-O 9. Rd1 Re8 10. h3 h6 11. d3 Bb6 12. a4 Rb8 13. axb5 axb5 14. Be3 Ne7 15. Nh4 g5 16. Bxb6 Rxb6 17. Qf3 Kg7 18. Nf5+ Nxf5 19. exf5 Bb7 20. Qg3 Qd7 21. Ra5 Qxf5 22. Na3 Nh5 23. Qg4 Qxg4 24. hxg4 Nf4 25. g3 Nh3+ 26. Kf1 Bf3 27. Rd2 b4 28. cxb4 Rxb4 29. Bd5 Bxg4 30. Rc2 Re7 31. Ra7 Bh5 32. b3 Bg6 33. Rcxc7 Rxc7 34. Rxc7 g4 35. Ke2 Ng5 36. Nc2 Rb5 37. Bc4 Rb6 38. b4 h5 39. b5 d5 40. Bxd5 Rxb5 41. Bc4 Rb2 42. Kd1 Nf3 43. Kc1 Rb8 44. Re7 Ra8 45. Ne3 Ra1+ 46. Kb2 Re1 47. Ka3 Re2 48. d4 Rxf2 49. dxe5 Rd2 50. Kb4 Rd4 51. e6 Re4 52. Ng2 Kf6 53. Re8 Ne5 54. Rc8 Rxc4+ 55. Rxc4 Nxc4 56. Kxc4 Kxe6 57. Kd4 Kf5 58. Ke3 Kg5 59. Kd4 f6 60. Ke3 Be8 61. Nh4 Bc6 62. Kd4 f5 63. Ke5 Be4 64. Kd4 f4 65. Kxe4 fxg3 66. Ng2 h4 67. Ne3 h3 68. Nf1 g2 0-1


[Site "https://www.chess.com"]

[Event "Titled Tuesday Blitz May 2 Late 2023"]
[White "Sarana, Alexey"]
[Black "Babazada, Khazar"]
[WhiteFideId "24133795"]
[BlackFideId "13413554"]
[WhiteElo "2714"]
[BlackElo "2351"]
[Result "0-1"]
[Round "10"]
[TimeControl "180+2"]
[Date "2023.05.02"]
[WhiteClock "0:00:02"]
[BlackClock "0:00:05"]

1. d4 Nf6 2. c4 e6 3. Nc3 Bb4 4. e3 O-O 5. Bd3 d5 6. a3 Bxc3+ 7. bxc3 dxc4 8. Bxc4 c5 9. Ne2 Qc7 10. Ba2 b5 11. O-O Bb7 12. f3 Nbd7 13. e4 Nb6 14. Bg5 Nfd7 15. Ng3 Nc4 16. Kh1 f6 17. Bc1 Rfd8 18. Qe2 Ndb6 19. a4 cxd4 20. cxd4 bxa4 21. Rd1 Rac8 22. Rb1 Ba6 23. Qf2 Kh8 24. Nh5 Qf7 25. Qh4 Ne5 26. Ba3 Bc4 27. dxe5 Bxa2 28. exf6 g6 29. Ng7 Bxb1 30. Rxb1 Nc4 31. Be7 Nd2 32. Ra1 Nb3 33. Re1 Rd7 34. Ba3 Rcd8 35. e5 Rd1 36. h3 Rxe1+ 37. Qxe1 Nd4 38. Qe4 Nf5 39. Nxf5 gxf5 40. Qxa4 Qg6 41. Qc2 h5 42. Be7 Rg8 43. Qf2 Kh7 44. Qe2 a5 45. Bc5 a4 46. Ba3 Rc8 47. Kh2 f4 48. Bb4 Rc2 49. Qf1 Rb2 50. Bc3 Rb3 51. Bd2 a3 52. Bxf4 Rb2 53. Bg3 a2 54. Qc1 h4 55. Qc7+ Kh6 56. Bf4+ Kh5 57. Qc1 Qxg2# 0-1


[Site "https://www.chess.com"]

[Event "Titled Tuesday Blitz May 2 Late 2023"]
[White "Suleymanli, Aydin"]
[Black "Andreikin, Dmitry"]
[WhiteFideId "13413937"]
[BlackFideId "4158814"]
[WhiteElo "2559"]
[BlackElo "2736"]
[Result "1-0"]
[Round "10"]
[TimeControl "180+2"]
[Date "2023.05.02"]
[WhiteClock "0:00:08"]
[BlackClock "0:00:44"]

1. e4 c5 2. Nf3 Nc6 3. Bb5 Nf6 4. Nc3 g6 5. O-O Bg7 6. Re1 O-O 7. a4 d6 8. h3 Nd4 9. Bf1 e5 10. Bc4 Be6 11. d3 h6 12. Be3 Qd7 13. Kh2 b6 14. Nd2 d5 15. exd5 Nxd5 16. Bxd4 cxd4 17. Nxd5 Bxd5 18. Bxd5 Qxd5 19. Qf3 Qxf3 20. gxf3 Rac8 21. Nc4 Rfd8 22. b4 f5 23. b5 Kf7 24. a5 Rxc4 25. dxc4 Bf8 26. axb6 axb6 27. Ra7+ Kf6 28. Rc7 Bc5 29. Rc6+ Kg5 30. Rxe5 Bd6 31. f4+ Kh4 32. Rxb6 Bxe5 33. fxe5 d3 34. cxd3 Rxd3 35. Rxg6 Rxh3+ 36. Kg1 Rc3 37. Rxh6+ Kg4 38. Rg6+ Kf4 39. e6 Rxc4 40. e7 Re4 41. Rg7 Kf3 42. Rg3+ 1-0


[Site "https://www.chess.com"]

[Event "Titled Tuesday Blitz May 2 Late 2023"]
[White "Kramnik, Vladimir"]
[Black "Duda, Jan-Krzysztof"]
[WhiteFideId "4101588"]
[BlackFideId "1170546"]
[WhiteElo "2712"]
[BlackElo "2790"]
[Result "0-1"]
[Round "10"]
[TimeControl "180+2"]
[Date "2023.05.02"]
[WhiteClock "0:00:03"]
[BlackClock "0:00:08"]

1. c4 e5 2. Nc3 Nf6 3. Nf3 Nc6 4. g3 Bb4 5. Bg2 Bxc3 6. bxc3 O-O 7. d3 e4 8. Nd4 exd3 9. exd3 Nxd4 10. cxd4 Re8+ 11. Be3 d5 12. O-O h6 13. a4 c6 14. a5 Be6 15. Qb3 Re7 16. h3 Qd7 17. Kh2 Rae8 18. Qb4 Bf5 19. Rad1 Rxe3 20. fxe3 Rxe3 21. Rde1 Rxe1 22. Rxe1 Bxd3 23. cxd5 cxd5 24. Qe7 Qb5 25. Rc1 Qb2 26. Rg1 Be4 27. a6 bxa6 28. Qxa7 Qe2 29. Qb8+ Kh7 30. Qf4 Qb2 31. Kh1 Bg6 32. Rf1 a5 33. Qf2 Qc3 34. Qe1 Qa3 35. Rf3 Qa4 36. Rc3 Qxd4 37. Rc8 a4 38. Kh2 a3 39. Qa5 Qb2 40. Qc3 d4 41. Qa5 Be4 0-1


[Site "https://www.chess.com"]

[Event "Titled Tuesday Blitz May 2 Late 2023"]
[White "Grischuk, Alexander"]
[Black "Ibarra Jerez, Jose Carlos"]
[WhiteFideId "4126025"]
[BlackFideId "2226332"]
[WhiteElo "2727"]
[BlackElo "2638"]
[Result "1-0"]
[Round "10"]
[TimeControl "180+2"]
[Date "2023.05.02"]
[WhiteClock "0:00:26"]
[BlackClock "0:00:23"]

1. e4 d5 2. exd5 Qxd5 3. Nc3 Qd8 4. d4 Nf6 5. Nf3 Bg4 6. h3 Bxf3 7. Qxf3 c6 8. Be3 e6 9. O-O-O Bb4 10. Ne4 Nxe4 11. Qxe4 Qd5 12. Qxd5 cxd5 13. c3 Bd6 14. Kc2 Nc6 15. a4 O-O-O 16. b4 Kb8 17. Kb3 Rc8 18. Be2 Rc7 19. f4 g6 20. g4 Rhc8 21. Rc1 Ne7 22. Bd2 Rd8 23. h4 Nc8 24. h5 Nb6 25. hxg6 hxg6 26. Rh7 Nc4 27. Bxc4 dxc4+ 28. Kc2 a6 29. Rf1 b5 30. a5 Kb7 31. Be3 Kc6 32. f5 gxf5 33. gxf5 e5 34. dxe5 Bxe5 35. Bb6 Rd3 36. Bxc7 Rxc3+ 37. Kd2 Rd3+ 38. Ke2 Bxc7 39. Rxf7 Bd6 40. Rf6 Kb7 41. Rd1 Bxb4 42. Rxd3 cxd3+ 43. Kxd3 Bxa5 44. Re6 Bb4 45. f6 Kc7 46. f7 a5 47. Re8 a4 48. f8=Q Bxf8 49. Rxf8 Kb6 50. Kc3 1-0


[Site "https://www.chess.com"]

[Event "Titled Tuesday Blitz May 2 Late 2023"]
[White "Sanal, Vahap"]
[Black "Kamsky, Gata"]
[WhiteFideId "6300545"]
[BlackFideId "2000024"]
[WhiteElo "2606"]
[BlackElo "2660"]
[Result "1/2-1/2"]
[Round "10"]
[TimeControl "180+2"]
[Date "2023.05.02"]
[WhiteClock "0:00:36"]
[BlackClock "0:00:52"]

1. e4 c6 2. d4 d5 3. Nc3 g6 4. h3 Bg7 5. Nf3 dxe4 6. Nxe4 Nd7 7. Bd3 Ndf6 8. c3 Nxe4 9. Bxe4 Nf6 10. Bc2 O-O 11. O-O b6 12. Re1 Bb7 13. Qe2 e6 14. Bg5 c5 15. dxc5 bxc5 16. Rad1 Qc7 17. Ne5 Rad8 18. Ba4 Rxd1 19. Rxd1 Ne4 20. Bf4 Bxe5 21. Rd7 Bxf4 22. Rxc7 Bxc7 23. Qb5 Bd5 24. Bb3 Bb6 25. c4 Nd6 26. Qa4 Bb7 27. Bc2 Rd8 28. Qb3 e5 29. Qc3 e4 30. b3 Nf5 31. Qe5 e3 32. Bxf5 Rd1+ 33. Kh2 exf2 34. Qe8+ Kg7 35. Qe5+ Kf8 36. Qh8+ Ke7 37. Qe5+ Kf8 38. Qh8+ Ke7 39. Qe5+ Kf8 1/2-1/2


[Site "https://www.chess.com"]